 Dungeon Crawl Stone Soup version 0.27-a0-1184-ge86db4a01e (webtiles) character file.

Game seed: 8764400619800029917

46584 leviel the Warrior (level 14, 0/138 HPs)
             Began as a Minotaur Fighter on May 18, 2021.
             Was a Believer of Ru.
             Slain by a death yak (20 damage)
             ... on level 6 of the Lair of Beasts.
             The game lasted 00:27:11 (17763 turns).

leviel the Warrior (Minotaur Fighter)              Turns: 17763, Time: 00:27:12

Health: 0/138      AC: 15    Str: 31    XL:     14   Next: 5%
Magic:  13/13      EV: 10    Int:  5    God:    Ru [**....]
Gold:   1430       SH: 15    Dex: 11    Spells: 13/13 levels left

rFire    . . .     SeeInvis .   b - +7 hand axe of the Baking Oracle {vamp, Fly Str+2}
rCold    + . .     Faith    +   c - +0 kite shield
rNeg     . . .     Spirit   .   s - +0 scale mail
rPois    .         Reflect  .   (helmet unavailable)
rElec    .         Harm     .   f - +1 cloak
rCorr    .         Rampage  .   e - +0 pair of gloves
Will     +....                  l - +0 pair of boots
Stlth    ..........             z - amulet of Homnab {Faith Str+2}
HPRegen  0.33/turn              o - ring of protection from cold
MPRegen  0.13/turn              (no ring)

@: flying, studying 3 skills
A: horns 3, screaming 1, no air magic, no conjurations magic, no hexes magic,
disrupted magic 1, retaliatory headbutt, agile 1
a: Renounce Religion, Sacrifice Courage, Sacrifice Drink, Sacrifice a Hand,
Reject Sacrifices


You were on level 6 of the Lair of Beasts.
You worshipped Ru.
Ru was pleased with you.
You visited 3 branches of the dungeon, and saw 16 of its levels.

You collected 2310 gold pieces.
You spent 880 gold pieces at shops.

Inventory:

Hand Weapons
 a - a +2 war axe of flaming
 b - the +7 hand axe of the Baking Oracle (weapon) {vamp, Fly Str+2}
   (You found it on level 6 of the Dungeon)

   It inflicts no extra harm, but heals its wielder when it wounds a living foe.
   It affects your strength (+2).
   It grants you flight.
Missiles
 d - 8 throwing nets
 F - 5 javelins
Armour
 c - a +0 kite shield (worn)
 e - a +0 pair of gloves (worn)
 f - a +1 cloak (worn)
 l - a +0 pair of boots (worn)
 s - a +0 scale mail (worn)
Jewellery
 o - a ring of protection from cold (left hand)
 z - the amulet of Homnab (around neck) {Faith Str+2}
   (You found it on level 7 of the Dungeon)

   [amulet of faith]

   It allows you to gain divine favour quickly.
   It affects your strength (+2).
 I - a +6 ring of strength
Wands
 n - a wand of flame (65) (quivered)
 q - a wand of iceblast (23)
 x - a wand of acid (7)
 y - a wand of mindburst (14)
 E - a wand of paralysis (8)
 H - a wand of digging (6)
 J - a wand of polymorph (8)
Scrolls
 m - 4 scrolls of identify {@r1}
 p - a scroll of fear {unknown}
 t - 9 scrolls of teleportation
 v - a scroll of noise {unknown}
 w - 2 scrolls of blinking {unknown}
 B - 3 scrolls of magic mapping
 C - 2 scrolls of immolation {unknown}
Potions
 g - 4 potions of resistance
 h - 2 potions of haste
 j - 5 potions of curing
 k - 4 potions of lignification
 r - 2 potions of berserk rage
 u - 2 potions of ambrosia
 A - 2 potions of brilliance
 D - 2 potions of invisibility
Miscellaneous
 G - a phantom mirror
 K - a box of beasts


   Skills:
 + Level 16.6 Fighting
 - Level 16.0 Axes
 - Level 6.0 Throwing
 + Level 13.3 Armour
 - Level 15.0 Shields
 + Level 7.6 Evocations


You had 13 spell levels left.
You didn't know any spells.
Your spell library contained the following spells:

 Spells                   Type           Power      Damage    Failure   Level
 Freeze                   Ice            0%         1d3       73%         1
 Frozen Ramparts          Ice            0%         1d2       97%         3
 Ozocubu's Armour         Ice            0%         N/A       97%         3
 Animate Armour           Summ/Erth      0%         N/A       100%        4
 Borgnjor's Vile Clutch   Necr/Erth      0%         N/A       100%        5
 Shadow Creatures         Summ           N/A        N/A       100%        6
 Foxfire                  Conj/Fire      Unusable   2x1d4     N/A         1
 Magic Dart               Conj           Unusable   1d3       N/A         1
 Shock                    Conj/Air       Unusable   1d3       N/A         1
 Ensorcelled Hibernation  Hex/Ice        Unusable   N/A       N/A         2
 Hailstorm                Conj/Ice       Unusable   3d3       N/A         4
 Irradiate                Conj/Tmut      Unusable   3d13      N/A         5
 Iskenderun's Battlesphe  Conj           Unusable   2d6       N/A         5
 Metabolic Englaciation   Hex/Ice        Unusable   N/A       N/A         5
 Silence                  Hex/Air        Unusable   N/A       N/A         5
 Spellforged Servitor     Conj/Summ      Unusable   N/A       N/A         7

Dungeon Overview and Level Annotations

Branches:
Dungeon (9/15)             Temple (1/1) D:5            Lair (6/6) D:8
  Swamp (0/4) Lair:4        Snake (0/4) Lair:2
  Slime: Lair:5-6       Orc: D:9-12

Altars:
Ashenzari
Cheibriados
Elyvilon
Fedhas
Gozag
Hepliaklqana
Kikubaaqudgha
Makhleb
Nemelex Xobeh
Okawaru
Qazlal
Ru
Sif Muna
Trog
Uskayaw
Vehumet
Wu Jian
Xom
Yredelemnul
Zin
The Shining One
Lugonu

Shops:
D:3 *   D:4 !

Portals:
Abyss: D:8

Annotations:
Lair:5 3 runed translucent doors, Necwier's ghost, journeyman MiBe


Innate Abilities, Weirdness & Mutations

You have a pair of large horns on your head.
You occasionally shout uncontrollably at your foes.
You cannot study or cast Air magic.
You cannot study or cast Conjurations magic.
You cannot study or cast Hexes magic.
Your casting is slightly disrupted.
You reflexively headbutt those who attack you in melee.
You are agile. (Dex +2)


Message History

The death yak closely misses you. You furiously retaliate!
You headbutt the death yak!!
You kill the death yak!
You redirect the wyvern's attack!
The wyvern bites itself but does no damage.
The death yak gores you but does no damage.
You see here a death yak corpse.
You slash the wyvern!
You feel better.
The wyvern is severely wounded.
You block the wyvern's attack.
You slice the wyvern!!
You feel better.
You kill the wyvern!
The cane toad stings you!!
* * * LOW HITPOINT WARNING * * *
You see here a wyvern corpse.
You hit the death yak.
You feel better.
The death yak is lightly wounded.
You hit the death yak but do no damage. You headbutt the death yak.
The death yak is lightly wounded.
You hit the death yak.
You feel better.
You hit the death yak. You headbutt the death yak.
The death yak is moderately wounded.
You hit the death yak but do no damage. The death yak closely misses you.
The death yak gores you!!
* * * LOW HITPOINT WARNING * * *
You hit the death yak but do no damage.
The death yak is moderately wounded.
You hit the death yak.
You feel better.
Found 13 stones.
You slash the death yak!
You feel better.
The death yak is heavily wounded.
The death yak gores you.
* * * LOW HITPOINT WARNING * * *
You hit the death yak but do no damage. You headbutt the death yak.
The death yak is heavily wounded.
Unknown command.
You slash the death yak!
You feel better.
You headbutt the death yak.
The death yak is severely wounded.
The death yak gores you!!
You die...

≈≈.. #.... ##
##....##### #.#
≈≈....#...##.###
≈≈≈.............
#≈....(.....P..
≈##≈..........#
≈≈≈...FY#@#
.≈≈≈....#Y##
#≈..≈...#†#####.#
≈≈#≈##≈..<...P...#.
≈ ≈≈≈≈≈≈/...........
≈. ≈≈≈≈≈.....^......
≈≈≈#≈##≈............
≈Y.≈##≈..........PP
≈≈Y#≈≈≈....#.#.P##.P


P You could see a death yak.

Vanquished Creatures
  A dire elephant (Lair:5)
  2 boulder beetles (Lair:5)
  7 hydras
  Harold (D:7)
  A catoblepas (Lair:4)
  A merfolk avatar (Lair:6)
  18 death yaks
  A fire crab (Lair:5)
  The ghost of AtomicRavioli the Protected, a novice DsGl of Makhleb (D:7)
  2 sea snakes (Lair:6)
  2 wolf spiders (Lair:5)
  A harpy (Lair:6)
  3 black mambas
  6 elephants
  14 cane toads
  2 torpor snails
  4 rime drakes
  9 komodo dragons
  A troll (D:8)
  6 polar bears
  A blink frog (Lair:5)
  10 dream sheep (Lair:4)
  Sigmund (D:6)
  6 wyverns
  13 yaks
  5 basilisks
  Grum (D:7)
  A steam dragon (D:7)
  Menkaure (D:7)
  15 water moccasins
  2 nagas (Lair:2)
  An acid dragon (D:8)
  A necrophage (D:4)
  3 ogres
  4 wolves
  4 centaurs
  2 phantoms
  A kobold brigand (D:6)
  9 bullfrogs
  5 gnoll sergeants
  3 scorpions
  A water moccasin zombie (D:6)
  4 howler monkeys
  6 electric eels
  3 bullfrog zombies
  8 hounds
  3 orc priests
  A gnoll shaman (D:7)
  3 centaur skeletons
  3 jellies
  2 iguanas
  Natasha (thrice) (D:2)
  4 orc wizards
  A hell rat (Lair:5)
  3 centaur simulacra (D:8)
  A hound zombie (D:5)
  2 hound skeletons
  2 howler monkey skeletons
  16 gnolls
  6 adders
  A shadow imp (D:6)
  A howler monkey simulacrum (D:8)
  2 ufetubi
  An adder zombie (D:4)
  A worm (D:3)
  3 dart slugs
  26 orcs
  6 endoplasms
  2 giant cockroaches
  9 goblins
  5 hobgoblins
  7 jackals
  14 kobolds
  8 quokkas
  7 ball pythons
  5 bats
  5 frilled lizards
  A quokka zombie (D:4)
  4 rats
352 creatures vanquished.

Vanquished Creatures (others)
  A hydra (Lair:2)
  A frilled lizard (D:3)
  A bush (Lair:3)
  A demonic plant (D:1)
  30 fungi
  A lurking horror (D:8)
  58 plants
  3 toadstools (D:3)
96 creatures vanquished.

Grand Total: 448 creatures vanquished

Notes
Turn   | Place    | Note
-------+----------+-------------------------------------------
     0 | D:1      | leviel the Minotaur Fighter began the quest for the Orb.
     0 | D:1      | Reached XP level 1. HP: 19/19 MP: 0/0
   130 | D:1      | Reached XP level 2. HP: 27/27 MP: 1/1
   561 | D:1      | Reached XP level 3. HP: 27/33 MP: 2/2
   782 | D:1      | Found a faded altar of an unknown god.
   922 | D:1      | Became a worshipper of Ru the Awakened
   943 | D:1      | Gained mutation: You cannot study or cast Air magic. [Ru
                  | sacrifice]
   943 | D:1      | Gained mutation: You cannot study or cast Hexes magic. [Ru
                  | sacrifice]
   943 | D:1      | Gained mutation: You cannot study or cast Conjurations
                  | magic. [Ru sacrifice]
   943 | D:1      | Reached * piety under Ru
  1229 | D:2      | Noticed Natasha
  1236 | D:2      | Killed Natasha
  1237 | D:2      | Reached XP level 4. HP: 35/40 MP: 3/3
  1271 | D:2      | Noticed Natasha
  1280 | D:2      | Killed Natasha
  1433 | D:2      | Found a broken altar of Ashenzari.
  1790 | D:2      | Reached XP level 5. HP: 47/47 MP: 4/4
  1893 | D:2      | Noticed Natasha
  1899 | D:2      | Killed Natasha
  2278 | D:3      | Found Sete's Assorted Antiques.
  2287 | D:3      | Bought a scroll labelled KIOFOS QAVUM for 17 gold pieces
  2287 | D:3      | Bought a scroll labelled ECINIAGEOD for 17 gold pieces
  2287 | D:3      | Bought a scroll labelled RAETIJ HIEXT for 17 gold pieces
  2287 | D:3      | Bought a scroll labelled DIULEU ZEWIXEL for 17 gold pieces
  2287 | D:3      | Identified 2 scrolls of acquirement
  2287 | D:3      | Acquired a manual of Throwing
  2289 | D:3      | Acquired 594 gold pieces
  2352 | D:3      | Acquired a manual of Shields
  2909 | D:3      | Noticed a centaur
  2912 | D:3      | Reached skill level 5 in Axes
  2912 | D:3      | Reached skill level 1 in Throwing
  2912 | D:3      | Reached skill level 5 in Shields
  2912 | D:3      | Reached XP level 6. HP: 45/55 MP: 5/5
  2916 | D:3      | Reached skill level 5 in Fighting
  2916 | D:3      | Reached skill level 5 in Armour
  3062 | D:4      | Found a hazy altar of Hepliaklqana.
  3109 | D:4      | Found Piff's Distillery.
  3113 | D:4      | Bought a potion of curing for 42 gold pieces
  3113 | D:4      | Bought a potion of heal wounds for 70 gold pieces
  3113 | D:4      | Bought a potion of curing for 42 gold pieces
  3113 | D:4      | Bought a potion of might for 56 gold pieces
  3113 | D:4      | Bought a potion of resistance for 140 gold pieces
  3113 | D:4      | Bought a potion of heal wounds for 70 gold pieces
  3113 | D:4      | Bought a potion of heal wounds for 70 gold pieces
  3113 | D:4      | Bought a potion of curing for 42 gold pieces
  3113 | D:4      | Bought a potion of might for 56 gold pieces
  3113 | D:4      | Bought a potion of mutation for 112 gold pieces
  3113 | D:4      | Gained mutation: Armour fits poorly on your strangely
                  | shaped body. [potion of mutation]
  3402 | D:4      | Reached XP level 7. HP: 42/61 MP: 6/6
  3818 | D:4      | Found a basalt altar of Yredelemnul.
  3924 | D:4      | Gained mutation: Your casting is slightly disrupted. [Ru
                  | sacrifice]
  4427 | D:5      | Entered Level 5 of the Dungeon
  4636 | D:5      | Reached XP level 8. HP: 59/70 MP: 7/7
  4823 | D:5      | Found a staircase to the Ecumenical Temple.
  4905 | D:5      | Identified the Incunabulum of Damaging Ignition
  5269 | D:4      | Bought a potion of mutation for 112 gold pieces
  5269 | D:4      | Lost mutation: Armour fits poorly on your strangely shaped
                  | body. [potion of mutation]
  5269 | D:4      | Gained mutation: You are agile. (Dex +2) [potion of
                  | mutation]
  5269 | D:4      | Gained mutation: You have a pair of large horns on your
                  | head. [potion of mutation]
  6065 | D:6      | Noticed Sigmund
  6071 | D:6      | Killed Sigmund
  6072 | D:6      | Reached skill level 5 in Throwing
  6554 | D:6      | Found a glowing golden altar of the Shining One.
  6577 | D:6      | Reached XP level 9. HP: 78/78 MP: 8/8
  6605 | D:6      | Identified the +1 robe of Parts Unknown {Str+3 Dex+3}
  6714 | D:6      | Identified the +7 hand axe of the Baking Oracle {vamp, Fly
                  | Str+2}
  6880 | Temple   | Entered the Ecumenical Temple
  7103 | D:7      | Noticed Menkaure
  7107 | D:7      | Killed Menkaure
  7466 | D:7      | Noticed Grum
  7480 | D:7      | Noticed AtomicRavioli's ghost (novice DsGl)
  7506 | D:7      | Gained mutation: You occasionally shout uncontrollably at
                  | your foes. [Ru sacrifice]
  7506 | D:7      | Reached ** piety under Ru
  7751 | D:7      | Found a transporter.
  7753 | D:7      | Found a transporter.
  7759 | D:7      | Identified the +2 trident "Teuchyoz" {elec, rElec Int+4}
  7788 | D:7      | Noticed Harold
  7803 | D:7      | Killed Harold
  7804 | D:7      | Reached skill level 10 in Axes
  7804 | D:7      | Reached skill level 10 in Shields
  7844 | D:7      | Killed AtomicRavioli's ghost
  7850 | D:7      | Reached XP level 10. HP: 83/88 MP: 9/9
  7860 | D:7      | Killed Grum
  7947 | D:7      | Identified the amulet of Homnab {Faith Str+2}
  8001 | D:7      | Acquired 595 gold pieces
  8446 | D:7      | Found a stormy altar of Qazlal.
  9343 | D:8      | Found a corrupted altar of Lugonu.
  9344 | D:8      | Found a one-way gate to the infinite horrors of the Abyss.
  9394 | D:8      | Found a staircase to the Lair.
 10046 | D:8      | Found a shimmering altar of Xom.
 10047 | D:8      | Found a hide-covered altar of Uskayaw.
 10180 | D:9      | Noticed a two-headed ogre
 10198 | Lair:1   | Entered Level 1 of the Lair of Beasts
 10238 | Lair:1   | Noticed a cane toad
 10244 | Lair:1   | Killed a cane toad
 10630 | Lair:1   | Reached skill level 10 in Fighting
 10927 | Lair:2   | Found a staircase to the Snake Pit.
 11011 | Lair:2   | Noticed an eight-headed hydra
 11011 | Lair:2   | Noticed a black mamba
 11032 | Lair:2   | Killed a seven-headed hydra
 11033 | Lair:2   | Killed a black mamba
 11324 | Lair:2   | Noticed a cane toad
 11332 | Lair:2   | Killed a cane toad
 11333 | Lair:2   | Reached XP level 11. HP: 101/101 MP: 10/10
 12277 | Lair:3   | Noticed a four-headed hydra
 12291 | Lair:3   | Killed a one-headed hydra
 12292 | Lair:3   | Reached skill level 1 in Evocations
 12817 | Lair:3   | Reached skill level 10 in Armour
 13150 | Lair:3   | Noticed a death yak
 13151 | Lair:3   | Noticed a death yak
 13152 | Lair:3   | Noticed a death yak
 13152 | Lair:3   | Noticed a death yak
 13173 | Lair:3   | Killed a death yak
 13181 | Lair:3   | Killed a death yak
 13184 | Lair:3   | Killed a death yak
 13195 | Lair:3   | Killed a death yak
 13452 | Lair:4   | Reached XP level 12. HP: 113/113 MP: 11/11
 13548 | Lair:4   | You are sucked into a shaft and drop 2 floors!
 13548 | Lair:6   | Entered Level 6 of the Lair of Beasts
 13548 | Lair:6   | Noticed a death yak
 13548 | Lair:6   | Noticed a death yak
 13548 | Lair:6   | Noticed a death yak
 13549 | Lair:6   | Noticed a death yak
 13555 | Lair:5   | Noticed a death yak
 13555 | Lair:5   | Noticed a death yak
 13557 | Lair:5   | Noticed a death yak
 13558 | Lair:5   | Noticed a death yak
 13573 | Lair:5   | Noticed a death yak
 13582 | Lair:5   | Killed a death yak
 13591 | Lair:5   | Killed a death yak
 13602 | Lair:5   | Killed a death yak
 13616 | Lair:5   | Killed a death yak
 13618 | Lair:5   | Killed a death yak
 13629 | Lair:5   | Killed a death yak
 13642 | Lair:5   | Killed a death yak
 13997 | Lair:5   | Noticed a boulder beetle
 14018 | Lair:5   | Reached skill level 15 in Axes
 14029 | Lair:5   | Reached skill level 15 in Shields
 14048 | Lair:5   | Killed a boulder beetle
 14297 | Lair:5   | Noticed a four-headed hydra
 14297 | Lair:5   | Noticed a seven-headed hydra
 14307 | Lair:5   | Killed a one-headed hydra
 14308 | Lair:5   | Reached skill level 5 in Evocations
 14318 | Lair:5   | Killed a one-headed hydra
 14339 | Lair:5   | Reached XP level 13. HP: 54/124 MP: 12/12
 14713 | Lair:5   | Found a runed translucent gate.
 14713 | Lair:5   | Found a runed translucent gate.
 14713 | Lair:5   | Found a runed translucent gate.
 14715 | Lair:5   | Noticed Necwier's ghost (journeyman MiBe)
 15302 | Lair:5   | HP: 6/125 [death yak (21)]
 15457 | Lair:5   | Noticed a dire elephant
 15845 | Lair:4   | Reached skill level 15 in Fighting
 16415 | Lair:4   | Found a staircase to the Swamp.
 16763 | Lair:5   | Killed a dire elephant
 17744 | Lair:6   | Reached XP level 14. HP: 69/138 MP: 13/13
 17763 | Lair:6   | Slain by a death yak

Illustrated notes

Levels and vault maps discovered:
D:1:      dpeg_arrival_solitude, layout_basic, shapermc_ecumenical_altar_gd
D:2:      layout_basic, basic_altar, uniq_natasha
D:3:      layout_loops_ring, serial_shops, shop, minmay_gold_behind_fungi
D:4:      layout_loops_ring, worldfamousw_hep_ancestral_shrine,
          lemuel_zombie_altar_yredelemnul, serial_shops, nicolae_shop_stone
D:5:      layout_basic, minmay_temple_entry_from_below_a, serial_bayou,
          serial_bayou_pond_b, serial_bayou_ford_a, serial_bayou_lagoon_a,
          serial_bayou_shore_a, serial_bayou_pond_e, serial_bayou_pond_a,
          dk_noncrumbling_3
D:6:      layout_basic, tso_oasis_becter, uniq_sigmund
D:7:      layout_basic, general_overflow_altar, gammafunk_ghost_gnarly_gnolls,
          uniq_menkaure, uniq_harold
D:8:      layout_rooms, gammafunk_temple_overflow_statue, erik_lair_island,
          serial_ice, serial_ice_f, serial_ice_m, serial_ice_e, serial_ice_o,
          amcnicky_altar_lugonu_corruption
D:9:      kennysheep_kobold_camp, layout_basic, st_stairs_13, uniq_erica
Temple:   regret_index_temple_waves
Lair:1:   layout_roguey
Lair:2:   layout_regular_city, guppyfry_snake_entry_island
Lair:3:   layout_regular_city, grunt_megastairs_5, lemuel_fruit_tree
Lair:4:   layout_regular_city, swamp_mist
Lair:5:   nzn_winding_woodlands_large [nzn_winding_woodlands_5x5_cross,
          nzn_winding_woodlands_5x15_longhouse, nzn_winding_woodlands_hourglass,
          nzn_winding_woodlands_center_pierced_h,
          nzn_winding_woodlands_15x15_thick_spiral,
          nzn_winding_woodlands_center_triple_pond,
          nzn_winding_woodlands_5x5_three, nzn_winding_woodlands_5x15_cabin,
          nzn_winding_woodlands_5x5_default], layout_hall_layers,
          gammafunk_ghost_necromancy, serial_bayou_pond_c
Lair:6:   gammafunk_lair_ancient_temple, layout_regular_city, slime_altar_1

Skill      XL: |  1  2  3  4  5  6  7  8  9 10 11 12 13 |
---------------+----------------------------------------+-----
Axes           | 3 4 5 7 8 10 12 13 15 16 | 16.0
Armour         | 4 5 6 8 9 10 11 13 | 13.3
Fighting       | 4 5 6 8 10 12 14 16 | 16.6
Shields        | 4 5 6 8 10 12 13 15 | 15.0
Throwing       | 1 2 4 5 6 |  6.0
Evocations     | 3 5 7 |  7.6

Action                   |  1- 3 |  4- 6 |  7- 9 | 10-12 | 13-15 || total
-------------------------+-------+-------+-------+-------+-------++-------
Melee: War axe           |    78 |   123 |   179 |    23 |    29 ||   432
       Headbutt          |     8 |    23 |    50 |   154 |   116 ||   351
       Hand axe          |       |       |    56 |   510 |   259 ||   825
Invok: Sacrifice Arcana  |     1 |       |       |       |       ||     1
       Sacrifice Essence |       |       |     1 |       |       ||     1
       Sacrifice Purity  |       |       |     1 |       |       ||     1
       Reject Sacrifices |       |       |       |     1 |       ||     1
Evoke: Wand              |       |       |     3 |       |       ||     3
  Use: Scroll            |       |     9 |     1 |    10 |       ||    20
       Potion            |       |     2 |     6 |     2 |     6 ||    16
 Stab: Distracted        |       |       |       |     1 |       ||     1
Armor: Scale mail        |    39 |    60 |    69 |   108 |    65 ||   341
Dodge: Dodged            |    22 |    33 |    63 |    80 |    53 ||   251
Block: Kite shield       |    42 |    70 |   116 |   224 |   108 ||   560

Table legend: (Time is in decaauts)
 A = Elapsed time spent in this place.
 B = Non-inter-level travel time spent in this place.
 C = Inter-level travel time spent in this place.
 D = Time resting spent in this place.
 E = Time spent auto-exploring this place.
 F = Levels seen in this place.
 G = Mean time per level.
                   A        B        C        D        E       F      G
               +--------+--------+--------+--------+--------+-----+--------+
         Total |  17696 |  16744 |    952 |   3107 |  11325 |  16 | 1106.0 |
       Dungeon |  10257 |   9559 |    698 |   2040 |   6115 |   9 | 1139.7 |
        Temple |    107 |     80 |     27 |      0 |     80 |   1 |  107.0 |
          Lair |   7331 |   7105 |    226 |   1067 |   5130 |   6 | 1221.8 |
               +--------+--------+--------+--------+--------+-----+--------+

Top non-repeatable levels by time:
  Lair:5: 2579 daAuts
     D:8: 1682 daAuts
     D:5: 1588 daAuts
     D:4: 1467 daAuts
     D:7: 1435 daAuts
  Lair:4: 1357 daAuts
  Lair:3: 1273 daAuts
  Lair:2: 1181 daAuts
     D:1: 1154 daAuts
     D:2: 1067 daAuts
     D:3: 947 daAuts
     D:6: 912 daAuts
  Lair:1: 717 daAuts
  Lair:6: 223 daAuts
  Temple: 107 daAuts
